 Dungeon Crawl Stone Soup version 0.29-a0-789-g7a8fcbc185 (webtiles) character file.

Game seed: 6044627623834220117

70 nicolae the Insei (level 4, -2/28 HPs)
             Began as an Octopode Transmuter on July 2, 2022.
             Slain by an orc wizard
             ... wielding a +2 dagger of venom
              (6 damage)
             ... on level 3 of the Dungeon.
             The game lasted 00:03:14 (1992 turns).

nicolae the Insei (Octopode Transmuter)             Turns: 1992, Time: 00:03:15

Health: -2/28      AC:  1    Str:  9    XL:     4   Next: 22%
Magic:  6/8        EV: 13    Int: 17    God:
Gold:   67         SH:  0    Dex: 12    Spells: 2/8 levels left

rFire   . . .      SeeInvis .     - Unarmed
rCold   . . .      Faith    .   (no shield)
rNeg    . . .      Spirit   .   (helmet currently unavailable)
rPois   .          Reflect  .   (no amulet)
rElec   .          Harm     .   (no ring)
rCorr   .          Rampage  .   (no ring)
Will    .....                   (no ring)
Stlth   ++........              (no ring)
HPRegen 0.09/turn               (no ring)
MPRegen 0.11/turn               (no ring)
                                (no ring)
                                (no ring)

@: confused, lethally poisoned (-2 -> -8), appendages (expiring), wereblooded
A: tentacle spike 3, almost no armour, amphibious, 8 rings, camouflage 1,
gelatinous body 1, (nimble swimmer 1), tentacles
a: End Transformation


You were on level 3 of the Dungeon.
One of your tentacles had grown a beastly spike.
You visited 1 branch of the dungeon, and saw 3 of its levels.

You collected 67 gold pieces.

Inventory:

Missiles
 c - 5 poisoned darts
 g - 6 boomerangs of dispersal
Scrolls
 b - a scroll of blinking {unknown}
 d - a scroll of noise {unknown}
 e - 5 scrolls of identify {unknown}
 h - 2 scrolls of enchant armour {unknown}
 i - a scroll of silence {unknown}
 j - 3 scrolls of fog {unknown}
 k - 2 scrolls of poison {unknown}
 n - a scroll of brand weapon {unknown}
 p - a scroll of teleportation {unknown}
Potions
 a - a potion of lignification
 f - a potion of mutation {unknown}
 l - a potion of heal wounds {unknown}
 m - a potion of brilliance {unknown}
 o - a potion of berserk rage {unknown}


   Skills:
 - Level 1.0 Fighting
 - Level 2.0 Dodging
 + Level 3.7 Unarmed Combat
 + Level 2.8 Spellcasting
 + Level 3.0 Transmutations


You had 2 spell levels left.
You knew the following spells:

 Your Spells              Type           Power      Damage    Failure   Level
a - Beastly Appendage     Tmut           24%        N/A       5%          1
b - Wereblood             Tmut           12%        N/A       8%          2
c - Spider Form           Tmut/Pois      7%         N/A       28%         3

Your spell library contained the following spells:

 Spells                   Type           Power      Damage    Failure   Level
 Ice Form                 Ice/Tmut       7%         N/A       67%         4


Dungeon Overview and Level Annotations

Branches:
Dungeon (3/15)

Altars:


Innate Abilities, Weirdness & Mutations

One of your tentacles has grown a beastly spike.
You cannot wear most types of armour.
You are amphibious.
You can wear up to eight rings at the same time.
Your skin changes colour to match your surroundings (Stealth+).
Your rubbery body absorbs attacks. (AC +1, EV +1)
((You are camouflaged when in or above water. (Stealth+)))
You have tentacles for arms and can constrict up to eight enemies at once.


Message History

You tentacle-slap the orc but do no damage.
You pierce the orc.
The orc is almost dead.
You constrict the orc, but do no damage.
The orc completely misses you.
The orc wizard gestures wildly while chanting.
The orc wizard flickers and vanishes!
Deactivating autopickup; reactivate with Ctrl-A.
You tentacle-slap the orc but do no damage.
You squeeze the orc.
You feel a bit better.
You kill the orc!
You miss something.
You pierce something.
You squeeze something. Something hits you.
You miss something. Your squeeze misses something.
You hear some strange, mumbled words.
A magic dart appears from out of thin air!
The magic dart hits you!
You barely miss something.
Your tentacle spike misses something.
Your squeeze misses something. Something barely misses you.
You tentacle-slap something.
Your tentacle spike misses something.
You squeeze something. Something barely misses you.
The orc wizard casts a spell at you.
The magic dart hits something.
You closely miss something.
You hear some strange, mumbled words.
You are confused.
You bump into the rock wall.
Something hits you.
* * * LOW HITPOINT WARNING * * *
You closely miss something.
Your tentacle spike misses something.
Your squeeze misses something. Something barely misses you.
You tentacle-slap something but do no damage.
Your transformation is almost over.
Something hits you.
* * * LOW HITPOINT WARNING * * *
You are lethally poisoned!
The orc wizard points at you and mumbles some strange words.
You bump into the rock wall.
* * * LOW HITPOINT WARNING * * *
You feel sick. Something hits you.
You die... ######..##.##.######## #..##...........# #... #######..#####.######.# #... #....†...# #.# oo... #.#####.## #.# oK..

#.# #.# #.#####
..#o..#.# #.#
#....<#
......#.#####.#
#####.#
#...#.oo{@.#
#.#
##.#.#######
#.# #.#.# #.# #
... #.# #####
#.# #.#


You could see an orc wizard and an orc.

Vanquished Creatures
  An adder (D:2)
  A worm (D:2)
  An orc (D:3)
  4 bats (D:1)
  4 endoplasms
  3 giant cockroaches (D:1)
  6 goblins
  4 hobgoblins
  4 jackals (D:2)
  3 kobolds
  6 quokkas
  9 ball pythons
  2 frilled lizards (D:1)
48 creatures vanquished.

Vanquished Creatures (others)
  32 plants (D:1)
32 creatures vanquished.

Grand Total: 80 creatures vanquished

Notes
Turn   | Place    | Note
-------+----------+-------------------------------------------
     0 | D:1      | nicolae the Octopode Transmuter began the quest for the
                  | Orb.
     0 | D:1      | Reached XP level 1. HP: 13/13 MP: 3/3
   252 | D:1      | Reached XP level 2. HP: 18/18 MP: 3/5
   278 | D:1      | Learned a level 2 spell: Wereblood
   628 | D:1      | Reached XP level 3. HP: 23/23 MP: 4/6
   635 | D:1      | Learned a level 3 spell: Spider Form
   807 | D:1      | Found a faded altar of an unknown god.
  1546 | D:2      | Reached XP level 4. HP: 28/28 MP: 6/8
  1992 | D:3      | Slain by an orc wizard

Illustrated notes

Levels and vault maps discovered:
D:1:      roderic_crop_circles_arrival_small, layout_loops_ring,
          dreamdust_ecumenical_altar_angels_and_demons, st_stairs_6,
          minmay_tripent
D:2:      kennysheep_big_flooded_room, layout_basic
D:3:      layout_loops_ring, nicolae_gozag_seed_capital, tso_oasis_becter,
          lemuel_crystal_altar, uniq_natasha

Skill      XL: |  1  2  3  4 |
---------------+-------------+-----
Transmutations | 3 |  3.0
Fighting       | |  1.0
Dodging        | |  2.0
Unarmed Combat | |  3.7
Spellcasting   | |  2.8

Action                   |  1- 3 |  4- 6 || total
-------------------------+-------+-------++-------
Melee: Unarmed           |   120 |    28 ||   148
       Constrict         |    48 |     6 ||    54
       Tentacles         |    20 |     4 ||    24
       Punch             |     5 |       ||     5
       Kick              |    19 |     8 ||    27
 Cast: Beastly Appendage |    18 |     4 ||    22
       Wereblood         |       |     2 ||     2
 Stab: Sleeping          |     8 |       ||     8
Armor: Skin              |     3 |     1 ||     4
Dodge: Dodged            |    42 |    16 ||    58

Table legend: (Time is in decaauts)
 A = Elapsed time spent in this place.
 B = Non-inter-level travel time spent in this place.
 C = Inter-level travel time spent in this place.
 D = Time resting spent in this place.
 E = Time spent auto-exploring this place.
 F = Levels seen in this place.
 G = Mean time per level.
                   A        B        C        D        E       F      G
               +--------+--------+--------+--------+--------+-----+--------+
         Total |   1982 |   1962 |     20 |      0 |   1530 |   3 |  660.7 |
       Dungeon |   1982 |   1962 |     20 |      0 |   1530 |   3 |  660.7 |
               +--------+--------+--------+--------+--------+-----+--------+

Top non-repeatable levels by time:
     D:2: 1007 daAuts
     D:1: 913 daAuts
     D:3: 62 daAuts
